[Event "Malmo Open 2022"]
[Site "Malmo SWE"]
[Date "2022.12.18"]
[Round "8.3"]
[White "Jogstad, Martin"]
[Black "Kucuksari, Kaan"]
[Result "1-0"]
[WhiteElo "2373"]
[BlackElo "2492"]
[ECO "A80"]
[TimeControl "15 minutes + 5 seconds per move from move one (Round 1 - 4) / 90 minutes + 30 seconds per move from move one (Round 5 - 8)"]
[WhiteTitle "FM"]
[BlackTitle "IM"]
[WhiteFideId "1715364"]
[BlackFideId "6380166"]

1.d4 f5 2.Bf4 Nf6 3.e3 e6 4.Be2 b6 5.Nf3 Bb7 6.O-O Be7 7.c4 O-O 8.h3 d6 9.
Nc3 Ne4 10.Nxe4 fxe4 11.Nd2 Bg5 12.Bh2 Nd7 13.b4 Qf6 14.Qc2 Qg6 15.c5 bxc5
16.bxc5 dxc5 17.dxc5 Bd5 18.Bxc7 Rfc8 19.Bd6 Nxc5 20.Rac1 Bd8 21.Bxc5 Bb6 
22.Nb3 Bxb3 23.Qxb3 Rxc5 24.Rxc5 Bxc5 25.Bg4 Rd8 26.Qxe6+ Kh8 27.Qxg6 hxg6
28.Rc1 Bd6 29.Rc8 Rxc8 30.Bxc8 Kg8 31.Bb7 g5 32.Bxe4 Kf7 33.g3 Kf6 34.Kg2 
Bc5 35.Kf3 Bb4 36.Kg4 Be1 37.f4 gxf4 38.exf4 g6 39.Bc6 Bd2 40.Kf3 Be1 41.
Be8 Bd2 42.Ke2 Bb4 43.h4 Bd6 44.Kf3 Bb4 45.g4 Be1 46.g5+ Ke7 47.Bxg6 Bxh4 
48.Kg4 Be1 49.f5 a5 50.f6+ Ke6 51.Bc2 Bb4 52.Bb3+ Ke5 53.Kh5 1-0

[Event "Malmo Open 2022"]
[Site "Malmo SWE"]
[Date "2022.12.18"]
[Round "8.4"]
[White "Sorensen, Hampus"]
[Black "Skytte, Rasmus"]
[Result "1/2-1/2"]
[WhiteElo "2442"]
[BlackElo "2347"]
[ECO "E90"]
[TimeControl "15 minutes + 5 seconds per move from move one (Round 1 - 4) / 90 minutes + 30 seconds per move from move one (Round 5 - 8)"]
[WhiteTitle "IM"]
[BlackTitle "IM"]
[WhiteFideId "8703884"]
[BlackFideId "1404210"]

1.d4 Nf6 2.c4 c5 3.d5 d6 4.Nc3 g6 5.e4 Bg7 6.h3 O-O 7.Nf3 e6 8.Bd3 Na6 9.
O-O Nc7 10.a4 e5 11.Re1 Na6 12.Bf1 Nb4 13.Ra3 h6 14.g3 Nh7 15.Na2 a5 16.
Nxb4 axb4 17.Ra2 Ng5 18.Nxg5 hxg5 19.b3 Qe7 20.f3 Bd7 21.Rh2 Bf6 22.Be3 
Kg7 23.Kg2 1/2-1/2

[Event "Malmo Open 2022"]
[Site "Malmo SWE"]
[Date "2022.12.18"]
[Round "8.7"]
[White "Poley, Vladimir"]
[Black "Golubka, Petro"]
[Result "1-0"]
[WhiteElo "2312"]
[BlackElo "2378"]
[ECO "A04"]
[TimeControl "15 minutes + 5 seconds per move from move one (Round 1 - 4) / 90 minutes + 30 seconds per move from move one (Round 5 - 8)"]
[WhiteTitle "IM"]
[BlackTitle "GM"]
[WhiteFideId "13500090"]
[BlackFideId "14114224"]

1.Nf3 e6 2.g3 d5 3.Bg2 g5 4.d4 h6 5.c4 Bg7 6.Nc3 Ne7 7.O-O Nbc6 8.e3 g4 9.
Nd2 h5 10.a3 a6 11.b4 O-O 12.Bb2 Rb8 13.b5 axb5 14.cxb5 Na5 15.a4 b6 16.
Ba3 Bd7 17.Ne2 Bh6 18.e4 c6 19.Rb1 Bxd2 20.Qxd2 Nc4 21.Qb4 Re8 22.Nf4 Ng6 
23.Bc1 h4 24.Nh5 f5 25.Re1 Kf7 26.f3 gxf3 27.Bxf3 hxg3 28.hxg3 Rh8 29.exf5
exf5 30.bxc6 Bxc6 31.Rf1 Kg8 32.Qe1 Nf8 33.Rb4 Qd6 34.Bf4 1-0

[Event "Malmo Open 2022"]
[Site "Malmo SWE"]
[Date "2022.12.18"]
[Round "8.8"]
[White "Jogstad, Daniel"]
[Black "Hillarp, Tiger"]
[Result "0-1"]
[WhiteElo "2128"]
[BlackElo "2523"]
[ECO "B06"]
[TimeControl "15 minutes + 5 seconds per move from move one (Round 1 - 4) / 90 minutes + 30 seconds per move from move one (Round 5 - 8)"]
[WhiteTitle "CM"]
[BlackTitle "GM"]
[WhiteFideId "1718959"]
[BlackFideId "1700812"]

1.e4 g6 2.d4 Bg7 3.Nc3 d6 4.f4 a6 5.Nf3 b5 6.Bd3 Nd7 7.e5 c5 8.Ng5 cxd4 9.
e6 f5 10.exd7+ Bxd7 11.Ne2 e5 12.Ng3 Ne7 13.O-O h6 14.fxe5 dxe5 15.Nf3 O-O
16.Nxe5 Bxe5 17.Bxh6 Rf7 18.Qd2 Nd5 19.Rae1 Bc7 20.c4 Ne3 21.Kh1 Bxg3 0-1

[Event "Malmo Open 2022"]
[Site "Malmo SWE"]
[Date "2022.12.18"]
[Round "8.9"]
[White "Pastar, Slaven"]
[Black "Nord, Alexander"]
[Result "0-1"]
[WhiteElo "2365"]
[BlackElo "2137"]
[ECO "A05"]
[TimeControl "15 minutes + 5 seconds per move from move one (Round 1 - 4) / 90 minutes + 30 seconds per move from move one (Round 5 - 8)"]
[WhiteTitle "FM"]
[BlackTitle "CM"]
[WhiteFideId "14402718"]
[BlackFideId "1738135"]

1.Nf3 Nf6 2.g3 g6 3.b3 Bg7 4.Bb2 O-O 5.Bg2 d5 6.c4 c6 7.O-O Nbd7 8.Nc3 e5 
9.cxd5 Nxd5 10.d4 Nxc3 11.Bxc3 Qe7 12.d5 cxd5 13.Qxd5 Re8 14.Rac1 e4 15.
Nd2 Bxc3 16.Rxc3 Nf6 17.Qg5 Bf5 18.h3 h5 19.Rfc1 Nd5 20.Qxe7 Rxe7 21.Rc5 
Rd8 22.g4 Nf4 23.Rc7 Nxe2+ 24.Kh2 Nxc1 25.Rxe7 Rxd2 26.gxf5 gxf5 27.Bf1 
Rxf2+ 28.Kg1 Rxa2 29.Bc4 Kg7 30.Rxb7 Kg6 31.h4 Ne2+ 32.Kf1 Ng3+ 33.Kg1 e3 
34.Re7 f4 35.Rxf7 Ra1+ 36.Kg2 e2 37.Re7 e1=Q 38.Bd3+ Kf6 0-1

[Event "Malmo Open 2022"]
[Site "Malmo SWE"]
[Date "2022.12.18"]
[Round "8.10"]
[White "Lindberg, Bengt"]
[Black "Hald Falkesgaard, Jeppe"]
[Result "1-0"]
[WhiteElo "2349"]
[BlackElo "2125"]
[ECO "B48"]
[TimeControl "15 minutes + 5 seconds per move from move one (Round 1 - 4) / 90 minutes + 30 seconds per move from move one (Round 5 - 8)"]
[WhiteTitle "IM"]
[WhiteFideId "1700359"]
[BlackFideId "1464981"]

1.e4 c5 2.Nf3 e6 3.d4 cxd4 4.Nxd4 Nc6 5.Nc3 Qc7 6.Be3 a6 7.g4 b5 8.Nxc6 
Qxc6 9.Qd2 Nf6 10.f3 h6 11.O-O-O Bb7 12.h4 b4 13.Ne2 d5 14.e5 Nd7 15.Bd4 
Rc8 16.Kb1 Bc5 17.f4 Nb6 18.b3 Bxd4 19.Nxd4 Qc3 20.Qc1 O-O 21.g5 h5 22.g6 
fxg6 23.Bh3 Rfe8 24.Rd3 Qc5 25.Rg1 Kh7 26.Bxe6 a5 27.f5 Rxe6 28.Nxe6 Qf2 
29.Rxg6 1-0